AoeStats
← Wh1t3y Aoe

Pilgrims

509180425Analyzed
4v4 RM · 6d ago on Sep 25, 2026· 39m 44s· 8 players
Game mode
Random Map
Map size
Large (8 player)
Population
200
Speed
Normal
Resources
Standard
Victory
Conquest
Starting age
Dark Age
Ending age
Imperial Age
RankedLock teamsTeams togetherTeam positionsShared explorationLock speedFull tech treeHidden civsTurbo modeCheats
Victory
Defeat
🇫🇷 Wu · France
1251
+13
🇸🇮 Danes · Slovenia
1212
+15
🇹🇼 Japanese · Taiwan
1198
+15
🇩🇪 Sicilians · Germany
1184
+16
🇳🇱 Persians · Netherlands
1261
-17
🇬🇧 Danes · United Kingdom
1208
-16
🇬🇧 Khmer · United Kingdom
1139
-13
🇬🇧 Jurchens · United Kingdom
1129
-13
只會5TC
10:42 Feudal Age
11:00 Loom
11:50 Fishing Lines
14:56 Castle Age
13:48 Double-Bit Axe
14:04 Horse Collar
14:22 Town Watch
16:03 Bow Saw
16:34 Town Patrol
17:08 Gillnets
18:33 Wheelbarrow
20:38 Hand Cart
20:37 Heavy Plow
24:50 Imperial Age
23:15 Fletching
23:32 Guard Tower
23:46 Yasama
24:06 Stone Mining
24:45 Ballistics
24:36 Treadmill Crane
25:09 Bodkin Arrow
25:47 Murder Holes
26:42 Arrowslits
28:37 Keep
28:35 Bracer
29:41 Chemistry
31:14 Siege Engineers
35:43 Masonry
37:24 Kataparuto
Nomad enjoyer
11:26 Feudal Age
10:12 Loom
12:39 Double-Bit Axe
12:44 Fishing Lines
16:33 Castle Age
15:45 Forging
16:06 Fletching
17:24 Horse Collar
18:15 Bow Saw
19:42 Gillnets
21:09 Scale Mail Armor
23:51 Sanctity
26:36 Bodkin Arrow
26:57 Chain Mail Armor
27:27 Gold Mining
27:39 Heavy Plow
30:26 Wheelbarrow
29:57 Hamask
32:44 Gold Shaft Mining
36:37 Iron Casting
38:34 Imperial Age
38:44 Fervor
38:45 Redemption
39:19 Onager
Pu77h3md0wn
8:54 Loom
11:51 Feudal Age
12:57 Double-Bit Axe
16:06 Castle Age
14:52 Forging
14:49 Scale Mail Armor
16:16 Fletching
17:42 Chain Mail Armor
18:03 Iron Casting
17:51 Bow Saw
17:48 Horse Collar
22:48 Heavy Plow
23:27 Wheelbarrow
23:45 Fishing Lines
27:03 Pikeman
35:08 Hand Cart
38:48 Ballistics
41:21 Imperial Age
38:58 Bodkin Arrow
39:03 Padded Archer Armor
Pronyx
12:22 Feudal Age
13:01 Double-Bit Axe
18:32 Castle Age
16:17 Fishing Lines
17:03 Horse Collar
17:36 Forging
17:29 Scale Mail Armor
17:22 Fletching
17:32 Padded Archer Armor
18:20 Loom
20:03 Gillnets
20:58 Bow Saw
21:37 Wheelbarrow
23:13 Hand Cart
23:38 Gold Mining
23:38 Stone Mining
24:27 Red Cliffs Tactics
25:08 Bodkin Arrow
31:25 Imperial Age
29:23 Town Watch
29:46 Squires
29:31 Arson
31:40 Town Patrol
31:46 Town Patrol
32:38 Conscription
31:42 Elite Fire Archer
34:49 Bracer
35:25 Iron Casting
35:05 Chain Mail Armor
35:05 Leather Archer Armor
37:09 Heavy Plow
38:13 Blast Furnace
37:29 Chain Mail Armor
37:17 Sitting Tiger
37:49 Ballistics
37:14 Treadmill Crane
38:38 Chemistry
39:08 Gold Shaft Mining
39:08 Stone Shaft Mining
Wh1t3y Aoe
3:13 Loom
11:52 Feudal Age
13:49 Wheelbarrow
15:45 Castle Age
13:44 Double-Bit Axe
14:34 Horse Collar
18:10 Bow Saw
18:53 Heavy Plow
31:27 Imperial Age
29:17 Hand Cart
29:24 Fletching
29:42 Scale Barding Armor
32:17 Double Crossbow
33:34 Heated Shot
34:07 Ballistics
37:00 Light Cavalry
38:52 Forging
ArDTaylor
12:35 Feudal Age
17:04 Castle Age
18:12 Wheelbarrow
17:26 Double-Bit Axe
17:34 Gold Mining
18:39 Medium Warships
18:33 Horse Collar
25:00 Loom
26:17 Fishing Lines
27:42 Town Watch
28:57 Ballistics
28:44 Siege Engineers
30:50 Padded Archer Armor
34:20 Imperial Age
37:05 Arrowslits
38:24 Chemistry
37:23 Murder Holes
37:42 Fortified Wall
38:34 Chemistry
El Tornado
10:06 Feudal Age
10:49 Double-Bit Axe
13:08 Horse Collar
16:17 Castle Age
16:38 Scale Barding Armor
16:43 Forging
16:45 Husbandry
16:56 Bloodlines
18:07 Bow Saw
32:44 Wheelbarrow
38:27 Gold Mining
38:27 Stone Mining
AncientLyre
12:08 Feudal Age
14:28 Loom
14:36 Double-Bit Axe
14:41 Fishing Lines
17:05 Castle Age
15:59 Fletching
16:20 Forging
16:08 Stone Mining
16:12 Gold Mining
18:02 Bow Saw
18:47 Medium Warships
21:13 Iron Casting
20:40 Scale Mail Armor
21:34 Gold Shaft Mining
21:39 Stone Shaft Mining
22:11 Gambesons
23:09 Gillnets
23:29 Horse Collar
25:52 Chain Mail Armor
25:49 Squires
25:38 Arson
Connection lost

Rejoining the realm…

Still unreachable

The connection could not be restored.

Session expired

The server has moved on; the page needs a fresh start.